AoeStats
← pascapas

Arena

505536478Analyzed
4v4 RM · 24d ago on Sep 9, 2026· 30m 1s· 8 players
Game mode
Random Map
Map size
Large (8 player)
Population
200
Speed
Normal
Resources
Standard
Victory
Conquest
Starting age
Dark Age
Ending age
Imperial Age
RankedLock teamsTeams togetherTeam positionsShared explorationLock speedFull tech treeHidden civsTurbo modeCheats
Victory
Defeat
🇨🇭 Gurjaras · Switzerland
800
+13
🇺🇸 Armenians · United States
686
+18
🇩🇴 Huns · Dominican Republic
677
+18
🇩🇴 Persians · Dominican Republic
641
+20
🇬🇧 Italians · United Kingdom
791
-19
🇮🇷 Turks · Iran
753
-18
🇨🇿 Britons · Czechia
703
-16
🇨🇦 Huns · Canada
687
-16
Radim
0:27 Loom
11:09 Feudal Age
16:23 Double-Bit Axe
19:10 Castle Age
18:29 Stone Mining
18:59 Horse Collar
22:51 Fletching
23:02 Padded Archer Armor
24:12 Murder Holes
25:53 Heavy Plow
26:46 Masonry
26:59 Ballistics
Triumph
12:01 Feudal Age
12:40 Double-Bit Axe
12:36 Horse Collar
17:55 Castle Age
17:15 Loom
19:54 Fletching
20:59 Murder Holes
22:58 Forging
Tipu Sultan
0:28 Loom
12:55 Feudal Age
13:47 Horse Collar
13:56 Double-Bit Axe
15:49 Gold Mining
16:32 Stone Mining
19:18 Wheelbarrow
18:29 Town Watch
19:06 Fletching
19:26 Forging
19:16 Scale Mail Armor
19:21 Scale Barding Armor
21:52 Castle Age
23:24 Pikeman
24:04 Squires
23:50 Arson
26:09 Caravan
28:26 Bow Saw
29:44 Heavy Plow
shayan.tah.85
14:19 Feudal Age
15:06 Horse Collar
16:11 Gold Mining
16:11 Stone Mining
16:23 Double-Bit Axe
17:24 Wheelbarrow
21:15 Castle Age
22:06 Man-at-Arms
25:51 Bow Saw
26:58 Treadmill Crane
victordelarosac
3:03 Loom
12:54 Feudal Age
13:36 Double-Bit Axe
17:37 Castle Age
16:17 Stone Mining
16:19 Gold Mining
16:36 Horse Collar
17:13 Fletching
18:21 Forging
22:46 Murder Holes
28:36 Pikeman
29:42 Bow Saw
LordJavier
0:32 Loom
11:41 Feudal Age
17:15 Castle Age
15:42 Horse Collar
15:50 Double-Bit Axe
17:22 Forging
24:01 Murder Holes
26:49 Stone Mining
26:50 Gold Mining
27:06 Marauders
27:23 Scale Mail Armor
28:11 Husbandry
31:55 Imperial Age
pascapas
1:30 Loom
11:31 Feudal Age
14:00 Horse Collar
16:06 Double-Bit Axe
17:59 Wheelbarrow
18:43 Scale Barding Armor
22:55 Castle Age
21:52 Gold Mining
24:36 Bloodlines
24:29 Husbandry
23:52 Light Cavalry
27:23 Hand Cart
26:53 Town Watch
27:12 Heavy Plow
27:24 Bow Saw
djerlin22
0:59 Loom
15:11 Feudal Age
20:47 Castle Age
Connection lost

Rejoining the realm…

Still unreachable

The connection could not be restored.

Session expired

The server has moved on; the page needs a fresh start.